 Dungeon Crawl Stone Soup version 0.31-a0-963-ga325b2283a (webtiles) character file.

Game seed: 5720426861750016978

62223 hwolsky the Lord of Darkness (level 14, -8/102 HPs) *EXPLORE*
             Began as a White Draconian Reaver on Oct 16, 2023.
             Was the Champion of Kikubaaqudgha.
             Mangled by a black mamba (10 damage)
             ... summoned by a boggart
             ... on level 5 of the Lair of Beasts on Oct 24, 2023.
             The game lasted 02:05:47 (30003 turns).

hwolsky the Lord of Darkness (DrRe)                Turns: 30003, Time: 02:05:49

Health: -8/102     AC: 15    Str: 18    XL:     14   Next: 63%
Magic:  14/21      EV: 12    Int: 24    God:    Kikubaaqudgha [******]
Gold:   1137       SH:  0    Dex: 12    Spells: 0/23 levels left

rFire   + . .        a - +4 broad axe
rCold   + . .        (no shield)
rNeg    . . .        (body armour unavailable)
rPois   .            J - +2 hat
rElec   .            c - +1 cloak
rCorr   .            (no gloves)
SInv    +            P - +2 pair of boots {rampage}
Will    +....        G - amulet of faith
Stlth   +            T - ring "Hiusk" {+Blink rF+ Str+3 Int+6 Dex+2}
HPRegen 0.37/turn    H - ring of see invisible
MPRegen 0.17/turn

%: rampage, faith
@: lethally poisoned (-8 -> -33), maw-form, slowed, very slow
A: devouring maw, breathe frost, AC +8, unfitting armour, cold resistance 1,
cold-blooded
a: Breathe Frost, Begin Untransformation, Renounce Religion, Evoke Blink,
Unearth Wretches, Torment


You were on level 5 of the Lair of Beasts.
You worshipped Kikubaaqudgha.
Kikubaaqudgha was exalted by your worship.
You were a creature with a mouth for a stomach.
You visited 3 branches of the dungeon, and saw 19 of its levels.
You also visited: Gauntlet.

You collected 1709 gold pieces.
You spent 572 gold pieces at shops.

Inventory:

Hand Weapons
 a - a +4 broad axe (weapon)
 s - the +6 hand axe of Neat Uwosm {heavy, rPois Str+4}
   (You found it on level 5 of the Lair of Beasts)

   Str+4:     It affects your strength (+4).
   rPois:     It protects you from poison
 z - the +5 mace of Checks and Balances {holy, Will+}
   (You found it on level 7 of the Dungeon)

   Will+:     It increases your willpower.
 Q - the +1 scimitar of Taessa {drain, Stlth+}
   (You found it in a Gauntlet)

   Stlth+:    It makes you more stealthy.
Missiles
 M - 3 throwing nets {@!f}
Armour
 c - a +1 cloak (worn)
 J - a +2 hat (worn)
 P - a +2 pair of boots of rampaging (worn)
Jewellery
 b - a +6 ring of strength
 h - a ring of magical power
 x - the ring of Fun {Fly Int+3}
   (You acquired it on level 2 of the Dungeon)

   [ring of flight]

   Int+3:     It affects your intelligence (+3).
   Fly:       It grants you flight.
 G - an amulet of faith (around neck)
 H - a ring of see invisible (right hand)
 N - a +6 ring of intelligence
 O - a +6 ring of intelligence
 T - the ring "Hiusk" (left hand) {+Blink rF+ Str+3 Int+6 Dex+2}
   (You found it in a Gauntlet)

   [ring of intelligence]

   Str+3:     It affects your strength (+3).
   Int+6:     It affects your intelligence (+6).
   Dex+2:     It affects your dexterity (+2).
   rF+:       It protects you from fire.
   +Blink:    It lets you blink.
Talismans
 y - a blade talisman
 I - a maw talisman (active)
Wands
 u - a wand of light (20)
 v - a wand of polymorph (3)
 B - a wand of charming (26)
 C - a wand of mindburst (19)
 L - a wand of roots (19)
 W - a wand of digging (7)
 Y - a wand of flame (18)
Scrolls
 d - 4 scrolls of amnesia
 f - 5 scrolls of fog
 g - a scroll of blinking
 i - 3 scrolls of identify
 r - 2 scrolls of immolation
 t - 5 scrolls of teleportation
 A - 4 scrolls of vulnerability
 R - a scroll of revelation
 X - a scroll of silence
Potions
 e - 2 potions of haste
 j - 2 potions of ambrosia
 k - 3 potions of resistance
 l - 6 potions of curing
 m - 6 potions of enlightenment
 n - 2 potions of lignification
 o - 2 potions of might
 p - 3 potions of mutation
 q - 2 potions of invisibility
 F - 2 potions of brilliance
 K - a potion of cancellation
 V - 2 potions of attraction


   Skills:
 - Level 3.2 Fighting
 - Level 10.1 Axes
 - Level 1.7 Dodging
 - Level 5.0 Spellcasting
 - Level 6.3 Conjurations
 * Level 16.3 Necromancy
 - Level 0.6 Air Magic
 - Level 10.0 Evocations
 + Level 12.2 Shapeshifting


You couldn't memorise any spells.
You knew the following spells:

 Your Spells              Type           Power      Damage    Failure   Level
a - Kiss of Death         Conj/Necr      100%       2d13      1%          1
b - Sublimation of Blood  Necr           71%        N/A       0%          2
c - Vampiric Draining     Necr           71%        2d11      1%          3
d - Anguish               Hex/Necr       22%        N/A       3%          4
e - Agony                 Necr           71%        N/A       1%          5
f - Infestation           Necr           35%        N/A       56%         8

Your spell library contained the following spells:

 Spells                   Type           Power      Damage    Failure   Level
 Necrotise                Necr           100%       1d9       0%          1
 Magic Dart               Conj           100%       1d8       1%          1
 Cigotuvi's Dreadful Rot  Necr/Pois/Air  66%        N/A       1%          2
 Death Channel            Necr           35%        N/A       1%          6
 Momentum Strike          Conj/Tloc      42%        3d9       3%          2
 Hailstorm                Conj/Ice       21%        3d6       7%          3
 Borgnjor's Vile Clutch   Necr/Erth      22%        N/A       9%          5
 Mephitic Cloud           Conj/Pois/Air  17%        N/A       10%         3
 Blink                    Tloc           12%        N/A       13%         2
 Call Imp                 Summ           12%        N/A       13%         2
 Wereblood                Tmut           6%         N/A       13%         2
 Iskenderun's Battlesphe  Conj           36%        2d9       19%         5
 Arcjolt                  Conj/Air       11%        1d21      50%         5
 Borgnjor's Revivificati  Necr           35%        N/A       56%         8
 Vhi's Electric Charge    Tloc/Air       14%        N/A       58%         4
 Manifold Assault         Tloc           6%         N/A       65%         4
 Haunt                    Necr/Summ      22%        N/A       95%         7
 Bombard                  Conj/Erth      10%        9d3       98%         6
 Plasma Beam              Fire/Air       3%         2x1d13    100%        6
 Spellforged Servitor     Conj/Summ      10%        N/A       100%        7
 Summon Hydra             Summ           3%         N/A       100%        7
 Death's Door             Necr           35%        N/A       100%        9


Dungeon Overview and Level Annotations

Branches:
Dungeon (13/15) Zot: 24707  Temple (1/1) D:7 Zot: 5998    Lair (5/5) D:8 Zot: 20765
 Shoals (0/4) Lair:3       Spider (0/4) Lair:3        Slime (0/5) Lair:5
    Orc (0/2) D:9         Gauntlet (visited)
 Vaults: D:13-14

Altars:
Ashenzari
Cheibriados
Dithmenos
Elyvilon
Fedhas
Gozag
Hepliaklqana
Kikubaaqudgha
Makhleb
Nemelex Xobeh
Okawaru
Qazlal
Ru
Sif Muna
Trog
Uskayaw
Vehumet
Wu Jian
Xom
Yredelemnul
Zin
The Shining One
Jiyva

Shops:
D:2 =!:?   D:9 (!

Portals:
Trove: D:10 (give +3 gold dragon scales)


Innate Abilities, Weirdness & Mutations

You are a creature with a mouth for a stomach.
Your midsection houses a second, enormous mouth.
You can breathe waves of freezing cold which knock back foes.
Your icy white scales are hard. (AC +8)
You cannot fit into any form of body armour.
Your flesh is cold resistant. (rC+)
You are cold-blooded and may be slowed by cold attacks.


Message History

The wolf dies!
Kikubaaqudgha accepts your kill.
A death scarab bursts from the wolf!
The wolf bites you! The hornet stings you.
You are more poisoned.
You feel as though you will be slow longer.
The wolf bites you.
The spriggan rider hits you from afar with a +0 spear!
* * * LOW HITPOINT WARNING * * *
The spriggan rider hits you from afar with a +0 spear of freezing!
* * * LOW HITPOINT WARNING * * *
The spriggan rider freezes you.
* * * LOW HITPOINT WARNING * * *
The nine-headed hydra bites you but does no damage.
The nine-headed hydra bites you.
* * * LOW HITPOINT WARNING * * *
The nine-headed hydra bites you.
* * * LOW HITPOINT WARNING * * *
The nine-headed hydra bites you.
* * * LOW HITPOINT WARNING * * *
The nine-headed hydra bites you!
* * * LOW HITPOINT WARNING * * *
The nine-headed hydra bites you but does no damage.
The nine-headed hydra bites you.
* * * LOW HITPOINT WARNING * * *
The nine-headed hydra bites you but does no damage. x2
The spriggan hits you but does no damage.
Your death scarab bites the spriggan.
Your death scarab drains the spriggan's vigour!
The spriggan seems to slow down.
Your death scarab draws strength from the spriggan's injuries!
The spriggan rider hits you from afar with a +0 spear!
* * * LOW HITPOINT WARNING * * *
The wolf barely misses you. The polar bear bites you!
Thought so.
The polar bear claws you but does no damage. x2
The hornet stings you.
You are more poisoned.
You feel as though you will be slow longer.
The boggart hits your death scarab.
You feel extremely sick.
Your death scarab bites the boggart!!
The boggart dies!
Kikubaaqudgha accepts your kill.
The water moccasin dissolves into shadows!
The wolf bites you.
Your death scarab completely misses the wolf.
The wolf bites you!
The spriggan rider completely misses you.
The wolf bites you.
The spriggan rider hits you from afar with a +0 spear of freezing!
The spriggan rider freezes you. The hornet stings you!
You feel as though you will be slow longer.
The nine-headed hydra bites you but does no damage. x2
The nine-headed hydra bites you!
* * * LOW HITPOINT WARNING * * *
The nine-headed hydra bites you but does no damage.
The nine-headed hydra bites you!
* * * LOW HITPOINT WARNING * * *
The nine-headed hydra bites you but does no damage.
The nine-headed hydra bites you.
* * * LOW HITPOINT WARNING * * *
The nine-headed hydra bites you.
* * * LOW HITPOINT WARNING * * *
The nine-headed hydra bites you.
* * * LOW HITPOINT WARNING * * *
The spriggan rider hits you but does no damage.
The spriggan hits you but does no damage.
The spriggan hits you with a +0 dagger.
* * * LOW HITPOINT WARNING * * *
The polar bear bites you!
* * * LOW HITPOINT WARNING * * *
The polar bear claws you but does no damage.
The polar bear claws you.
* * * LOW HITPOINT WARNING * * *
A yak comes into view.
Your death scarab completely misses the wolf.
You can move again.
You closely miss the polar bear.
The polar bear is heavily wounded.
You hack one of the nine-headed hydra's heads off!
The eight-headed hydra grows two more!
You slash the ten-headed hydra! You miss the wolf.
You hit the wolf but do no damage. You slash the spriggan!
You miss the spriggan. You slash the hornet!
* * * LOW HITPOINT WARNING * * *
You feel extremely sick.
Your death scarab bites the wolf!!
The wolf dies!
Kikubaaqudgha accepts your kill.
A death scarab bursts from the wolf!
Your death scarab bites the wolf!!
The wolf dies!
Kikubaaqudgha accepts your kill.
A death scarab bursts from the wolf!
The wolf misses you. The hornet stings you.
* * * LOW HITPOINT WARNING * * *
You are more poisoned.
You shrug off the repeated paralysis!
The wolf bites you.
* * * LOW HITPOINT WARNING * * *
The black mamba bites you!
You die...
Kikubaaqudgha rasps: "You have failed me!
Welcome... death!"

......#........
.....#.#...P#..###
.......P..P.#....# ##
.P.........#....####.# #
#................B...#.#
................BB....##
...............h..B....#
.............YiySi....#
............ghhhWii...#
............Yi#Dh#h...#
.........Y..P.#iii.....P
P..P.......PP#iii......#
...P......i.P##.........
.#.PP.......i.........##
....................#..
................(###...


You could see a ten-headed hydra (summoned), 3 spriggan riders, 2 polar bears, a
black mamba (summoned, ally target), 3 yaks, a hornet (infested), 8 spriggans, 4
wolves, a boggart (invisible, infested) and 4 friendly death scarabs.

Vanquished Creatures
  Gastronok (Lair:3)
  A minotaur (Gauntlet)
  2 hydras
  2 catoblepae (Lair:4)
  A ghost crab (Gauntlet)
  A two-headed ogre (D:10)
  A tengu warrior (D:13)
  8 death yaks
  A centaur warrior (D:13)
  2 boulder beetles
  A death knight (D:13)
  Urug (Lair:4)
  Amaemon (Lair:1)
  A skyshark (Lair:4)
  Lodul (D:13)
  3 ugly things
  A manticore (D:12)
  4 oklob plants (Lair:1)
  3 cyclopes
  17 elephants
  A merfolk siren (Lair:3)
  A black mamba (Lair:1)
  An orange demon (Lair:1)
  2 torpor snails (Lair:4)
  A gargoyle (D:11)
  A minotaur zombie (Gauntlet)
  A rime drake (Lair:5)
  9 cane toads
  An unseen horror (D:12)
  4 komodo dragons
  3 merfolk (Lair:3)
  A queen bee (Gauntlet)
  2 trolls
  4 hornets
  A meliai (D:13)
  2 polar bears
  6 blink frogs (Lair:5)
  A jumping spider (Lair:3)
  A glass eye (shapeshifter) (D:13)
  11 dream sheep (Lair:4)
  5 slime creatures
  A spriggan (Lair:5)
  4 wraiths
  A water elemental (D:13)
  48 yaks
  9 wyverns
  A shadow (D:10)
  Grum (D:8)
  4 basilisks
  2 redbacks (Lair:3)
  5 vampire mosquitoes
  Menkaure (D:5)
  An acid dragon (D:9)
  8 water moccasins
  2 ice beasts
  2 black bears (D:5)
  4 orc warriors
  A sky beast (D:8)
  9 ogres
  16 wolves
  A phantom (D:4)
  4 centaurs
  4 kobold brigands
  7 bullfrogs
  3 scorpions
  3 gnoll sergeants
  3 necrophages (D:4)
  A water moccasin zombie (D:4)
  9 wights
  18 killer bees
  6 howler monkeys
  An electric eel (D:13)
  A vampire bat (D:3)
  A bullfrog zombie (D:4)
  A gnoll bouda (D:5)
  8 orc priests
  2 hounds
  A jelly (D:5)
  A human zombie (D:4)
  3 iguanas
  2 sleepcaps
  7 orc wizards
  4 hell rats (Lair:4)
  A hound zombie (D:4)
  4 mummies
  27 gnolls
  6 adders
  3 shadow imps
  A white imp (D:8)
  2 ufetubi (D:5)
  An adder zombie (D:4)
  2 worms
  3 dart slugs
  52 orcs
  A bat skeleton (D:3)
  5 bat zombies (D:3)
  8 endoplasms
  3 giant cockroaches
  5 goblins
  4 hobgoblins
  13 jackals
  19 kobolds
  4 quokkas
  5 ball pythons
  3 bats
  2 frilled lizards
  A hobgoblin zombie (D:6)
  3 orc zombies (D:6)
  3 rats (D:2)
504 creatures vanquished.

Vanquished Creatures (collateral kills)
  3 wolves (Lair:5)
  A boggart (Lair:5)
4 creatures vanquished.

Vanquished Creatures (others)
  Nessos (D:13)
  A two-headed ogre (D:11)
  A tengu warrior (D:13)
  A black mamba (Lair:4)
  2 cane toads
  A troll (D:12)
  2 meliai (D:13)
  A wraith (D:11)
  3 yaks
  An acid dragon (D:12)
  A gnoll sergeant (D:9)
  2 killer bees (Gauntlet)
  An orc (D:8)
  A frilled lizard (D:8)
19 creatures vanquished.

Grand Total: 527 creatures vanquished

Notes
Turn   | Place    | Note
-------+----------+-------------------------------------------
     0 | D:1      | hwolsky the Draconian Reaver began the quest for the Orb.
     0 | D:1      | Reached XP level 1. HP: 17/17 MP: 3/3
    87 | D:1      | Entered explore mode.
   194 | D:1      | Reached XP level 2. HP: 20/20 MP: 5/5
   842 | D:2      | Found Qazoco's Distillery.
   854 | D:2      | Found a white marble altar of Elyvilon.
   870 | D:2      | Found Couqoas's Book Shoppe.
   891 | D:2      | Reached XP level 3. HP: 13/26 MP: 4/6
   898 | D:2      | Slain by a gnoll
                  | ... wielding a +0 halberd
                  | (10 damage)
   955 | D:2      | Found Soan's Magic Scroll Shoppe.
  1238 | D:2      | Found a faded altar of an unknown god.
  1338 | D:2      | Reached XP level 4. HP: 26/26 MP: 7/7
  1529 | D:2      | Found Voxougg's Jewellery Shop.
  1699 | D:3      | Found a blossoming altar of Fedhas.
  1740 | D:3      | Identified the +0 cloak of the Lily {-Cast +Inv rN+++
                  | rCorr}
  1880 | D:3      | Found an ancient bone altar of Kikubaaqudgha.
  1911 | D:3      | Became a worshipper of Kikubaaqudgha
  2008 | D:3      | Reached XP level 5. HP: 40/40 MP: 8/8
  2121 | D:3      | Found a white marble altar of Elyvilon.
  2141 | D:3      | You fall into a shaft and drop 1 floor!
  2168 | D:4      | Found a bloodstained altar of Trog.
  2301 | D:4      | Reached skill level 1 in Necromancy
  2303 | D:4      | HP: 1/23 [poisoned by an orc wizard]
  2303 | D:4      | Slain by an orc
                  | ... wielding a +0 club
                  | (1 damage)
  2458 | D:3      | Found a glowing silver altar of Zin.
  2543 | D:3      | Found a shimmering blue altar of Sif Muna.
  2670 | D:4      | Mangled by a sleepcap (15 damage)
  2674 | D:4      | Slain by a sleepcap (7 damage)
  2679 | D:4      | Reached skill level 2 in Necromancy
  2689 | D:4      | Noticed a phantom
  2702 | D:4      | Slain by an iguana (5 damage)
  2716 | D:4      | Slain by an iguana (9 damage)
  2720 | D:4      | Killed a phantom
  2721 | D:4      | Reached XP level 6. HP: 15/30 MP: 9/9
  2722 | D:4      | Slain by an iguana (8 damage)
  2724 | D:4      | Reached * piety under Kikubaaqudgha
  2724 | D:4      | Received a gift from Kikubaaqudgha
  2736 | D:4      | Learned a level 2 spell: Sublimation of Blood
  2740 | D:4      | Learned a level 3 spell: Vampiric Draining
  2883 | D:4      | Reached skill level 3 in Necromancy
  2913 | D:4      | HP: 1/28 [wight/+3 falchion of freezing (1)]
  2914 | D:4      | Slain by a wight
                  | ... wielding a +3 falchion of freezing
                  | (1 damage)
  2917 | D:4      | Slain by a wight
                  | ... wielding a +3 falchion of freezing
                  | (8 damage)
  2939 | D:4      | Reached skill level 5 in Axes
  2939 | D:4      | Reached skill level 5 in Conjurations
  2948 | D:4      | Your scales start taking on an icy white colour.
  2948 | D:4      | Reached XP level 7. HP: 23/42 MP: 10/10
  2948 | D:4      | Gained mutation: Your flesh is cold resistant. (rC+) [White
                  | Draconian growth]
  3087 | D:4      | Reached skill level 4 in Necromancy
  3101 | D:4      | Slain by a necrophage (6 damage)
  3166 | D:4      | Found a basalt altar of Yredelemnul.
  3494 | D:5      | Entered Level 5 of the Dungeon
  3510 | D:5      | Noticed Menkaure
  3526 | D:5      | HP: 2/52 [Menkaure/nerve-wracking pain (12)]
  3526 | D:5      | Slain by a gnoll
                  | ... wielding a +0 flail
                  | (2 damage)
  3530 | D:5      | Mangled by Menkaure (18 damage)
  3534 | D:5      | Killed Menkaure
  3535 | D:5      | Reached skill level 5 in Necromancy
  3697 | D:5      | Found a shimmering altar of Xom.
  3879 | D:5      | Reached XP level 8. HP: 8/63 MP: 5/11
  4194 | D:5      | Found a snail-covered altar of Cheibriados.
  4356 | D:5      | Slain by a gnoll
                  | ... wielding a +0 spear
                  | ... led by a gnoll bouda
                  | (8 damage)
  4358 | D:5      | Reached skill level 6 in Necromancy
  4932 | D:6      | Reached ** piety under Kikubaaqudgha
  5475 | D:6      | Reached skill level 7 in Necromancy
  6400 | D:6      | Reached XP level 9. HP: 54/70 MP: 9/13
  7473 | D:7      | Reached skill level 8 in Necromancy
  7837 | D:7      | Found a shadowy altar of Dithmenos.
  7890 | D:7      | Identified the +5 mace of Checks and Balances {holy, Will+}
  8047 | D:7      | Reached skill level 1 in Evocations
  8430 | D:7      | Found a staircase to the Ecumenical Temple.
  8441 | Temple   | Entered the Ecumenical Temple
  8965 | D:8      | Reached skill level 5 in Evocations
  9192 | D:8      | Noticed Grum
  9201 | D:8      | HP: 2/52 [wolf[Grum] (3)]
  9201 | D:8      | Mangled by a wolf (8 damage)
                  | ... led by Grum
  9206 | D:8      | Reached *** piety under Kikubaaqudgha
  9206 | D:8      | Received a gift from Kikubaaqudgha
  9210 | D:8      | Mangled by a wolf (9 damage)
                  | ... led by Grum
  9217 | D:8      | Slain by Grum
                  | ... wielding a -2 glaive
                  | (13 damage)
  9222 | D:8      | Killed Grum
  9222 | D:8      | HP: 2/55 [wolf[Grum] (7)]
  9223 | D:8      | Slain by a wolf (3 damage)
                  | ... led by Grum
  9237 | D:8      | Slain by a wolf (8 damage)
                  | ... led by Grum
  9247 | D:8      | Slain by a wolf (7 damage)
                  | ... led by Grum
  9257 | D:8      | HP: 2/58 [wolf[Grum] (1)]
  9258 | D:8      | Slain by a wolf (6 damage)
                  | ... led by Grum
  9259 | D:8      | Reached XP level 10. HP: 65/66 MP: 2/15
  9263 | D:8      | Upgraded the game from 0.31-a0-889-g1a8549509d to
                  | 0.31-a0-920-g28cbb04a8c
  9295 | D:8      | HP: 2/68 [orc warrior/+0 heavy war axe (7)]
  9298 | D:8      | Demolished by an orc priest
                  | ... wielding a +0 whip of electrocution
                  | (17 damage)
  9306 | D:8      | Slain by an orc warrior
                  | ... wielding a +0 heavy war axe
                  | (19 damage)
  9475 | D:8      | Found a staircase to the Lair.
  9980 | D:8      | Found a broken altar of Ashenzari.
 10004 | D:8      | HP: 3/75 [orc priest/nerve-wracking pain (8)]
 10006 | D:8      | Slain by an orc
                  | ... wielding a +1 mace of holy wrath
                  | (5 damage)
 10280 | Lair:1   | Entered Level 1 of the Lair of Beasts
 10299 | Lair:1   | Learned a level 4 spell: Anguish
 10317 | Lair:1   | Mangled by a polar bear (15 damage)
 10358 | Lair:1   | Noticed a black mamba
 10366 | Lair:1   | Slain by a black mamba (10 damage)
 10371 | Lair:1   | Mangled by a black mamba (12 damage)
 10380 | Lair:1   | HP: 1/77 [black mamba (11)]
 10380 | Lair:1   | Mangled by a black mamba (12 damage)
 10382 | Lair:1   | Killed a black mamba
 10424 | Lair:1   | HP: 3/77 [wyvern (9)]
 10425 | Lair:1   | Mangled by a wyvern (15 damage)
 10589 | Lair:1   | Noticed a cane toad
 10598 | Lair:1   | Killed a cane toad
 10671 | Lair:1   | Noticed an oklob plant
 10684 | Lair:1   | Noticed an oklob plant
 10700 | Lair:1   | Killed an oklob plant
 10702 | Lair:1   | Killed from afar by an oklob plant (37 damage)
                  | ... with a splash of acid
 10708 | Lair:1   | HP: 1/77 [oklob plant/splash of acid (15)]
 10710 | Lair:1   | Killed from afar by an oklob plant (24 damage)
                  | ... with a splash of acid
 10716 | Lair:1   | Killed from afar by an oklob plant (19 damage)
                  | ... with a splash of acid
 10721 | Lair:1   | Killed from afar by an oklob plant (24 damage)
                  | ... with a splash of acid
 10725 | Lair:1   | HP: 2/77 [oklob plant/splash of acid (24)]
 10726 | Lair:1   | Killed an oklob plant
 10727 | Lair:1   | Reached skill level 10 in Evocations
 11009 | Lair:1   | Slain by a yak (9 damage)
 11010 | Lair:1   | Slain by a yak (9 damage)
 11012 | Lair:1   | Mangled by a yak (12 damage)
 11013 | Lair:1   | Slain by a yak (8 damage)
 11013 | Lair:1   | Mangled by a yak (14 damage)
 11016 | Lair:1   | Slain by a yak (7 damage)
 11017 | Lair:1   | Slain by a yak (11 damage)
 11018 | Lair:1   | Mangled by a yak (11 damage)
 11026 | Lair:1   | Slain by a yak (11 damage)
 11236 | Lair:1   | Noticed an orange demon
 11264 | Lair:1   | Slain by an orange demon (11 damage)
                  | ... led by Amaemon
 11269 | Lair:1   | Killed an orange demon
 11270 | Lair:1   | Reached skill level 9 in Necromancy
 11364 | Lair:1   | Identified the +9 trident of the Desolation of Salt {drain,
                  | rN+ rCorr}
 11552 | Lair:1   | Slain by a komodo dragon (9 damage)
 11563 | Lair:1   | Reached **** piety under Kikubaaqudgha
 11564 | Lair:1   | Reached XP level 11. HP: 32/82 MP: 2/17
 11793 | Lair:1   | Noticed Amaemon
 11835 | Lair:1   | Succumbed to Amaemon's poison
 11840 | Lair:1   | Killed Amaemon
 12491 | Lair:1   | Noticed an oklob plant
 12510 | Lair:1   | Killed from afar by an oklob plant (13 damage)
                  | ... with a splash of acid
 12520 | Lair:1   | Killed an oklob plant
 12748 | Lair:1   | Noticed an oklob plant
 12766 | Lair:1   | HP: 2/82 [oklob plant/splash of acid (27)]
 12767 | Lair:1   | Killed from afar by an oklob plant (25 damage)
                  | ... with a splash of acid
 12780 | Lair:1   | Killed from afar by an oklob plant (24 damage)
                  | ... with a splash of acid
 12795 | Lair:1   | Killed from afar by an oklob plant (20 damage)
                  | ... with a splash of acid
 12798 | Lair:1   | Killed an oklob plant
 13158 | Lair:1   | Reached skill level 5 in Spellcasting
 13454 | D:8      | Slain by a wight
                  | ... wielding a +2 scimitar
                  | (10 damage)
 13543 | D:9      | Reached skill level 1 in Shapeshifting
 13642 | D:9      | Killed from afar by an acid dragon (28 damage)
                  | ... with a splash of acid
 13650 | D:9      | Slain by an orc warrior
                  | ... wielding a +0 halberd
                  | (8 damage)
 13662 | D:9      | HP: 3/73 [killer bee (5)]
 13669 | D:9      | Slain by a gnoll
                  | ... wielding a +0 flail
                  | ... led by a gnoll sergeant
                  | (8 damage)
 13677 | D:9      | Slain by a killer bee (5 damage)
 13868 | D:9      | Found a stormy altar of Qazlal.
 13905 | D:9      | HP: 2/81 [yak (7)]
 13905 | D:9      | Mangled by a yak (10 damage)
 14102 | D:9      | Found Zoipej's Distillery.
 14176 | D:9      | Upgraded the game from 0.31-a0-920-g28cbb04a8c to
                  | 0.31-a0-960-g0fca184906
 14331 | D:9      | Found Tesmar's Weapon Shop.
 14333 | D:9      | Found a staircase to the Orcish Mines.
 14691 | D:2      | Bought a scroll of acquirement for 572 gold pieces
 14693 | D:2      | Acquired the ring of Fun {Fly Int+3}
 14966 | Lair:2   | Noticed a death yak
 14969 | Lair:2   | Noticed a death yak
 14977 | Lair:2   | HP: 3/82 [death yak (21)]
 14979 | Lair:2   | Mangled by a death yak (11 damage)
 14981 | Lair:2   | Mangled by a death yak (20 damage)
 15090 | D:10     | Entered Level 10 of the Dungeon
 15106 | D:10     | Learned a level 5 spell: Agony
 15223 | D:10     | Reached skill level 5 in Shapeshifting
 15953 | D:10     | Found a portal to a secret trove of treasure.
 16047 | D:10     | HP: 2/73 [vampire mosquito (6)]
 16048 | D:10     | Slain by a vampire mosquito (4 damage)
 16316 | D:10     | Noticed a two-headed ogre
 16326 | D:10     | Killed a two-headed ogre
 16704 | D:11     | Noticed a purple ugly thing
 16723 | D:11     | Killed a purple ugly thing
 17204 | D:11     | Noticed a two-headed ogre
 17211 | D:11     | Killed a two-headed ogre
 17212 | D:11     | Reached XP level 12. HP: 66/89 MP: 2/19
 17696 | D:11     | Identified the +4 flail "Lawny" {flame, rN+ Will+}
 17892 | D:11     | Killed from afar by a gargoyle (18 damage)
                  | ... with a stone arrow
 18921 | D:12     | Succumbed to a green ugly thing's poison
 18929 | D:12     | HP: 1/89 [slime creature (10)]
 18930 | D:12     | Mangled by a slime creature (13 damage)
 19329 | D:12     | Reached ***** piety under Kikubaaqudgha
 19331 | D:12     | Reached skill level 10 in Shapeshifting
 19721 | D:12     | Reached skill level 10 in Necromancy
 20243 | D:12     | Noticed a boulder beetle
 20259 | D:12     | Mangled by a boulder beetle (11 damage)
 20261 | D:12     | Killed a boulder beetle
 20377 | D:12     | Upgraded the game from 0.31-a0-960-g0fca184906 to
                  | 0.31-a0-963-ga325b2283a
 20421 | D:13     | HP: 4/89 [cyan ugly thing (12)]
 20421 | D:13     | Mangled by a cyan ugly thing (13 damage)
 20468 | D:13     | Found a gate leading to a gauntlet.
 20475 | D:13     | Noticed a death knight
 20479 | Gauntlet | Entered a Gauntlet
 20479 | Gauntlet | Found a transporter.
 20479 | Gauntlet | Found a transporter.
 20486 | Gauntlet | Found a transporter.
 20487 | Gauntlet | Found a runed translucent door.
 20559 | Gauntlet | Found a transporter.
 20561 | Gauntlet | Found a transporter.
 20591 | Gauntlet | Found a transporter.
 20593 | Gauntlet | Found a transporter.
 20593 | Gauntlet | Found a transporter.
 20594 | Gauntlet | Found a transporter.
 20595 | Gauntlet | Noticed a ghost crab
 20605 | Gauntlet | Found a transporter.
 20621 | Gauntlet | Found a transporter.
 20631 | Gauntlet | Found a transporter.
 20645 | Gauntlet | Found a transporter.
 20666 | Gauntlet | Found a transporter.
 20854 | Gauntlet | HP: 3/89 [killer bee (5)]
 20854 | Gauntlet | Slain by a killer bee (5 damage)
 20856 | Gauntlet | Slain by a killer bee (11 damage)
 20862 | Gauntlet | Slain by a killer bee (11 damage)
 20865 | Gauntlet | HP: 1/80 [poisoned by a killer bee]
 20865 | Gauntlet | Slain by a killer bee (3 damage)
 21134 | Gauntlet | HP: 2/80 [hornet (4)]
 21134 | Gauntlet | Slain by a hornet (4 damage)
 21146 | Gauntlet | HP: 4/85 [poisoned by a hornet]
 21261 | Gauntlet | Identified the +1 scimitar of Taessa {drain, Stlth+}
 21424 | Gauntlet | Killed a ghost crab
 21425 | Gauntlet | Reached skill level 11 in Necromancy
 21440 | Gauntlet | Identified the ring "Hiusk" {+Blink rF+ Str+3 Int+6 Dex+2}
 21550 | Gauntlet | Noticed a minotaur
 21554 | Gauntlet | HP: 4/86 [minotaur/+1 spectral quarterstaff (6)]
 21556 | Gauntlet | Hit by a javelin thrown by a minotaur (11 damage)
 21565 | Gauntlet | Slain by a minotaur
                  | ... wielding a +1 spectral quarterstaff
                  | (21 damage)
 21572 | Gauntlet | Slain by a minotaur
                  | ... wielding a +1 spectral quarterstaff
                  | (17 damage)
 21573 | Gauntlet | Killed a minotaur
 21838 | D:13     | HP: 2/89 [mirror damage (17)]
 21838 | D:13     | Mangled by a vampire mosquito (8 damage)
 21841 | D:13     | Demolished by a death knight
                  | ... wielding a +0 great mace
                  | (24 damage)
 21848 | D:13     | Killed a death knight
 21902 | D:13     | Noticed a tengu warrior
 21905 | D:13     | Noticed a tengu warrior
 21906 | D:13     | Noticed Nessos
 21913 | D:13     | Slain by a tengu warrior
                  | ... wielding a +2 glaive
                  | (21 damage)
 21918 | D:13     | Succumbed to Nessos's poison
 21922 | D:13     | Killed a tengu warrior
 21923 | D:13     | Slain by a tengu warrior
                  | ... wielding a +2 glaive
                  | (12 damage)
 21923 | D:13     | Killed Nessos
 21929 | D:13     | Killed a tengu warrior
 21930 | D:13     | Reached XP level 13. HP: 17/94 MP: 2/20
 22550 | D:13     | Reached skill level 12 in Necromancy
 22783 | D:13     | Mangled by a boulder beetle (28 damage)
 22899 | D:13     | HP: 2/94 [titanic slime creature (62)]
 22900 | D:13     | Annihilated by a titanic slime creature (53 damage)
 22905 | D:13     | Slain by a titanic slime creature (52 damage)
 23122 | D:13     | Noticed Lodul
 23139 | D:13     | Mangled by an ogre
                  | ... wielding a +0 giant spiked club
                  | ... led by Lodul
                  | (17 damage)
 23140 | D:13     | Killed Lodul
 23141 | D:13     | Reached skill level 10 in Axes
 23208 | D:13     | HP: 4/94 [poisoned by a meliai]
 23209 | D:13     | Succumbed to a meliai's poison
 23215 | D:13     | HP: 4/94 [meliai/divine providence (15)]
 24280 | Lair:2   | Slain by a seven-headed hydra (9 damage)
 24588 | Lair:2   | Reached skill level 13 in Necromancy
 24602 | Lair:2   | Slain by a death yak (13 damage)
 24636 | Lair:2   | HP: 4/94 [basilisk (3)]
 24637 | Lair:2   | Slain by a basilisk (6 damage)
                  | ... while petrified by a basilisk
 24871 | Lair:2   | HP: 4/94 [yak (4)]
 24873 | Lair:2   | Slain by a death yak (5 damage)
 24886 | Lair:2   | Slain by a death yak (11 damage)
 24898 | Lair:2   | HP: 3/94 [death yak (17)]
 24901 | Lair:2   | Mangled by a death yak (15 damage)
 25196 | Lair:2   | Reached skill level 14 in Necromancy
 25758 | Lair:3   | Found a staircase to the Shoals.
 25768 | Lair:3   | HP: 1/94 [merfolk/+0 trident (17)]
 25768 | Lair:3   | Slain by a merfolk
                  | ... wielding a +2 trident of venom
                  | (4 damage)
 25774 | Lair:3   | Slain by a merfolk
                  | ... wielding a +0 trident
                  | (7 damage)
 25782 | Lair:3   | HP: 3/94 [merfolk/+0 trident (5)]
 25782 | Lair:3   | Slain by a merfolk
                  | ... wielding a +0 trident
                  | (6 damage)
 25796 | Lair:3   | Mangled by a merfolk
                  | ... wielding a +0 trident
                  | (20 damage)
 25985 | Lair:3   | Found a hole to the Spider Nest.
 25993 | Lair:3   | HP: 2/94 [redback (7)]
 25993 | Lair:3   | Mangled by a redback (8 damage)
 25998 | Lair:3   | Succumbed to a redback's poison
 26019 | Lair:3   | HP: 1/94 [cane toad (14)]
 26019 | Lair:3   | Slain by a wyvern (4 damage)
 26020 | Lair:3   | Noticed Gastronok
 26042 | Lair:3   | Killed Gastronok
 26869 | Lair:4   | Reached XP level 14. HP: 73/102 MP: 21/21
 26906 | Lair:4   | HP: 5/102 [skyshark (12)]
 27351 | Lair:4   | Noticed Urug
 27363 | Lair:4   | Killed Urug
 27721 | Lair:4   | Reached skill level 15 in Necromancy
 28003 | Lair:4   | Slain by a cane toad (11 damage)
 28037 | Lair:4   | HP: 3/100 [dream sheep (6)]
 28038 | Lair:4   | Slain by a dream sheep (5 damage)
 28050 | Lair:4   | Reached ****** piety under Kikubaaqudgha
 28063 | Lair:4   | Slain by a death yak (9 damage)
 28071 | Lair:4   | Slain by a death yak (9 damage)
                  | ... while petrified by a catoblepas
 28078 | Lair:4   | HP: 5/102 [cane toad (12)]
 28078 | Lair:4   | Slain by a death yak (3 damage)
 28082 | Lair:4   | Slain by a death yak (8 damage)
                  | ... while petrified
 28090 | Lair:4   | Mangled by a cane toad (15 damage)
 28092 | Lair:4   | Received a gift from Kikubaaqudgha (forbidden knowledge)
 28093 | Lair:4   | Mangled by a death yak (17 damage)
 28109 | Lair:4   | HP: 5/102 [death yak (16)]
 28109 | Lair:4   | Mangled by a death yak (13 damage)
 28427 | Lair:4   | Learned a level 8 spell: Infestation
 28630 | Lair:5   | Entered Level 5 of the Lair of Beasts
 28651 | Lair:5   | Slain by an elephant (12 damage)
 28655 | Lair:5   | Slain by a yak (11 damage)
 28660 | Lair:5   | Slain by an elephant (13 damage)
 28810 | Lair:5   | Reached skill level 16 in Necromancy
 29119 | Lair:5   | Identified the +6 hand axe of Neat Uwosm {heavy, rPois
                  | Str+4}
 29129 | Lair:5   | Found a viscous altar of Jiyva.
 29129 | Lair:5   | Found a staircase to the Slime Pits.
 29544 | Lair:5   | Slain by an elephant (12 damage)
 29989 | Lair:5   | Paralysed by a hornet for 3 turns
 29989 | Lair:5   | Mangled by a hornet (13 damage)
                  | ... while paralysed by a hornet
 29994 | Lair:5   | HP: 3/102 [spriggan rider/+0 spear (7)]
 29994 | Lair:5   | Slain by a spriggan rider
                  | ... wielding a +0 spear
                  | (4 damage)
 29994 | Lair:5   | Paralysed by a hornet for 1 turns
 29996 | Lair:5   | Slain by a spriggan rider
                  | ... wielding a +0 spear
                  | (14 damage)
 29998 | Lair:5   | Slain by a spriggan rider
                  | ... wielding a +0 spear
                  | (18 damage)
 30000 | Lair:5   | Paralysed by a hornet for 3 turns
 30000 | Lair:5   | Mangled by a spriggan rider
                  | ... wielding a +0 spear
                  | (18 damage)
                  | ... while paralysed by a hornet
 30001 | Lair:5   | Slain by a polar bear (8 damage)
                  | ... while paralysed by a hornet
 30003 | Lair:5   | HP: 2/102 [wolf (4)]
 30003 | Lair:5   | Mangled by a black mamba

Illustrated notes

Levels and vault maps discovered:
D:1:      eino_arrival_tree_alley, layout_basic, minmay_misc_feat_chi
D:2:      layout_loops_ring, basic_altar, serial_shops, shop, shop, shop,
          nicolae_lakefront_shop, basic_ecumenical_altar
D:3:      layout_rooms, mainiacjoe_overflow_small_starburst,
          kennysheep_vampire_church, elyvilon_altar_3,
          lemuel_coloured_pillars_altar, lemuel_tele_altar, minmay_between
D:4:      layout_cave_pools, lemuel_mausoleum_altar_yredelemnul,
          mainiacjoe_overflow_six_doors_small
D:5:      layout_gridville, mainiacjoe_overflow_concentric_impassable,
          mainiacjoe_overflow_surrounded_room, uniq_menkaure
D:6:      layout_layer_cave, minmay_mini_ossuary
D:7:      layout_basic, grunt_dithmenos_smoke, minmay_temple_entry_poolview
D:8:      layout_gridville, nicolae_overflow_hidden_temple, lair_entry_dummy,
          special_room [special_room_orc], eino_jars, uniq_grum
D:9:      layout_big_octagon, nicolae_qazlal_scattered_showers, orc_david_3,
          serial_shops, shop
D:10:     layout_gridville, enter_trove_2
D:11:     layout_grid_maze, kennysheep_generic_room_10
D:12:     layout_basic, chequers_serial_rivers_room_a
D:13:     layout_loops_corners, gauntlet_entry_generic, kennysheep_minor_cross,
          hangedman_decor_peaks_small, uniq_lodul, uniq_nessos
Temple:   hellmonk_temple_micro_hex
Lair:1:   minmay_lair_oklob_tunnel, layout_gridlike, grunt_megastairs_1,
          uniq_amaemon
Lair:2:   layout_loops_ring
Lair:3:   layout_regular_city, elwin_shoals_entry_stream, spider_nest_entry_a,
          uniq_gastronok
Lair:4:   nzn_winding_woodlands_small [nzn_winding_woodlands_5x15_twine,
          nzn_winding_woodlands_center_triple_pond,
          nzn_winding_woodlands_5x15_zeroes], layout_hall_layers,
          infiniplex_staircase_pool_2, serial_bayou_shore_b, uniq_urug
Lair:5:   minmay_lair_end_enchanted_forest, layout_gridlike,
          dpeg_slime_entry_enclosed, gammafunk_ghost_grave, minivault_27

Skill      XL: |  1  2  3  4  5  6  7  8  9 10 11 12 13 14 |
---------------+-------------------------------------------+-----
Conjurations   | 4 5 6 |  6.3
Fighting       | 3 |  3.2
Axes           | 4 5 6 7 8 9 10 | 10.1
Necromancy     | 2 3 5 7 8 9 11 14 16 | 16.3
Spellcasting   | 3 4 5 |  5.0
Evocations     | 6 10 | 10.0
Shapeshifting  | 8 10 11 12 | 12.2
Dodging        | |  1.7
Air Magic      | |  0.6

Action                     |  1- 3 |  4- 6 |  7- 9 | 10-12 | 13-15 || total
---------------------------+-------+-------+-------+-------+-------++-------
  Melee: Hand axe          |    95 |   214 |   479 |    97 |       ||   885
         Tailslap          |     9 |    31 |    69 |   164 |   154 ||   427
         Punch             |       |     2 |     4 |    11 |    14 ||    31
         War axe           |       |       |       |   696 |   440 ||  1136
         Unarmed           |       |       |       |    34 |       ||    34
         Maw               |       |       |       |    34 |   294 ||   328
         Broad axe         |       |       |       |       |   250 ||   250
   Cast: Kiss of Death     |     6 |     5 |     5 |     2 |       ||    18
         Vampiric Draining |       |     1 |    73 |   174 |    47 ||   295
         Sublimation of Bl |       |       |     4 |    26 |    20 ||    50
         Anguish           |       |       |       |    30 |     9 ||    39
         Agony             |       |       |       |    45 |    36 ||    81
         Infestation       |       |       |       |       |     1 ||     1
 Invoke: Unearth Wretches  |       |       |     1 |       |       ||     1
         Receive Forbidden |       |       |       |       |     1 ||     1
Ability: Breathe Frost     |       |       |    10 |     9 |       ||    19
         Evoke Blink       |       |       |       |       |     1 ||     1
    Use: Scroll            |     2 |     3 |    10 |    16 |     4 ||    35
         Potion            |     1 |       |     1 |     6 |       ||     8
   Stab: Sleeping          |       |     1 |       |       |     2 ||     3
         Petrified         |       |       |       |       |     2 ||     2
 Armour: Skin              |    44 |   182 |   558 |  1362 |  1460 ||  3606
  Dodge: Dodged            |    69 |   187 |   494 |  1021 |   735 ||  2506
         Form:             |       |       |       |     2 |     1 ||     3
         Blade             |       |       |       |     2 |       ||     2
         Maw               |       |       |       |     1 |     1 ||     2

Table legend: (Time is in decaauts)
 A = Elapsed time spent in this place.
 B = Non-inter-level travel time spent in this place.
 C = Inter-level travel time spent in this place.
 D = Time resting spent in this place.
 E = Time spent auto-exploring this place.
 F = Levels seen in this place.
 G = Mean time per level.
                   A        B        C        D        E       F      G
               +--------+--------+--------+--------+--------+-----+--------+
         Total |  30228 |  28893 |   1335 |      0 |  22700 |  20 | 1511.4 |
       Dungeon |  19630 |  18472 |   1158 |      0 |  14807 |  13 | 1510.0 |
        Temple |      1 |      1 |      0 |      0 |      0 |   1 |    1.0 |
          Lair |   9232 |   9055 |    177 |      0 |   7041 |   5 | 1846.4 |
      Gauntlet |   1363 |   1363 |      0 |      0 |    852 |   1 | 1363.0 |
               +--------+--------+--------+--------+--------+-----+--------+

Top non-repeatable levels by time:
  Lair:1: 3001 daAuts
    D:13: 2165 daAuts
     D:6: 2149 daAuts
     D:8: 2034 daAuts
    D:11: 2014 daAuts
  Lair:4: 1990 daAuts
    D:12: 1885 daAuts
     D:5: 1780 daAuts
  Lair:2: 1564 daAuts
    D:10: 1552 daAuts
  Lair:5: 1391 daAuts
Gauntlet: 1363 daAuts
  Lair:3: 1284 daAuts
     D:7: 1219 daAuts
     D:4: 1184 daAuts
